[Event "Titled Tuesday Blitz May 9 Late 2023"]
[White "D`Arruda, Ricardo D."]
[Black "Almedina Ortiz, Edgardo J."]
[WhiteFideId "100692"]
[BlackFideId "3100197"]
[WhiteElo "2427"]
[BlackElo "2217"]
[Result "1-0"]
[Round "04"]
[TimeControl "180+2"]
[Date "2023.05.09"]
[WhiteClock "0:00:12"]
[BlackClock "0:00:00"]

1. d4 d5 2. Nf3 Nf6 3. c4 e6 4. Nc3 c5 5. cxd5 Nxd5 6. e4 Nxc3 7. bxc3 cxd4 8. cxd4 Bb4+ 9. Bd2 Bxd2+ 10. Qxd2 O-O 11. Bc4 Nd7 12. O-O b6 13. Qe3 Bb7 14. Rfd1 Rc8 15. Rac1 Nf6 16. Nd2 Qe7 17. f3 Rfd8 18. Bb3 b5 19. Nf1 a5 20. Rxc8 Rxc8 21. Rc1 a4 22. Bd1 Qd8 23. Rxc8 Qxc8 24. a3 Bc6 25. Qc3 Bd7 26. Qxc8+ Bxc8 27. Ne3 Kf8 28. Nc2 Ke7 29. Kf2 Ne8 30. Be2 Bd7 31. Ke3 Kd6 32. Nb4 Nc7 33. f4 f6 34. e5+ fxe5 35. fxe5+ Ke7 36. Bf3 h6 37. h4 Be8 38. Be4 Bh5 39. g3 Bd1 40. Bc6 Bb3 41. Be4 Bc4 42. Nc6+ Kd7 43. Nb4 Ke7 44. Kd2 Kd7 45. Kc3 Ke7 46. Nc6+ Kd7 47. Kb4 Nd5+ 48. Bxd5 Bxd5 49. Na7 Bb3 50. Nxb5 Kc6 51. Nc3 Bc2 52. Kc4 Bb3+ 53. Kb4 Bc2 54. Nxa4 Kd5 55. Nc5 Kxd4 56. a4 Kxe5 57. a5 Bd1 58. a6 Bf3 59. a7 Kf5 60. Kc4 e5 61. Kd3 Ba8 62. Ke3 Kg4 63. Kf2 e4 64. Ne6 e3+ 65. Kxe3 Kxg3 66. h5 Kh4 67. Nxg7 Kg5 68. Kd4 Kf6 69. Ne8+ Kg5 70. Nc7 Bb7 71. Kc5 Kxh5 72. Kb6 Be4 73. Ne6 Ba8 74. Kc7 Kg4 75. Kb8 Bf3 76. Nd8 h5 77. Nb7 1-0


[Site "https://www.chess.com"]

[Event "Titled Tuesday Blitz May 9 Late 2023"]
[White "Papayan, Oleg"]
[Black "Djordjevic, Dejan N"]
[WhiteFideId "4193911"]
[BlackFideId "913316"]
[WhiteElo "2171"]
[BlackElo "2261"]
[Result "1-0"]
[Round "04"]
[TimeControl "180+2"]
[Date "2023.05.09"]
[WhiteClock "0:00:05"]
[BlackClock "0:00:00"]

1. e4 c5 2. Nf3 Nc6 3. d4 cxd4 4. Nxd4 Nf6 5. Nc3 Qb6 6. Nb3 e6 7. Be3 Qc7 8. Bd3 a6 9. O-O b5 10. Re1 Be7 11. f4 d6 12. g4 O-O 13. g5 Nd7 14. Qf3 b4 15. Nd5 exd5 16. exd5 Nce5 17. fxe5 Nxe5 18. Qe4 Nxd3 19. Qxd3 Bg4 20. Nd4 Rfe8 21. Bf4 a5 22. Nc6 Bf8 23. Kg2 Bh5 24. c4 Qd7 25. h3 Bg6 26. Qd4 Qf5 27. Rac1 Rxe1 28. Rxe1 Qc2+ 29. Kg1 Bf5 30. Rc1 Qe2 31. Qf2 Qxf2+ 32. Kxf2 Bxh3 33. b3 Bd7 34. Nd4 Re8 35. Rd1 f6 36. gxf6 gxf6 37. Nc6 Kf7 38. Rd2 Ra8 39. Nd4 h5 40. Kg3 a4 41. Re2 axb3 42. axb3 Ra1 43. Bd2 Bg4 44. Rf2 Kg6 45. Bxb4 f5 46. Ne6 Be7 47. Nf4+ 1-0


[Site "https://www.chess.com"]

[Event "Titled Tuesday Blitz May 9 Late 2023"]
[White "ElenGajger"]
[Black "Benaddi, Mouhcine"]
[BlackFideId "9001050"]
[WhiteElo "2415"]
[BlackElo "2036"]
[Result "0-1"]
[Round "04"]
[TimeControl "180+2"]
[Date "2023.05.09"]
[WhiteClock "0:00:10"]
[BlackClock "0:00:58"]

1. e4 c6 2. d4 d5 3. Nd2 dxe4 4. Nxe4 Bf5 5. Ng3 Bg6 6. h4 h6 7. Nf3 Nf6 8. Ne5 Bh7 9. Bc4 e6 10. Qe2 Nd5 11. Bd2 Bxc2 12. Ne4 Bxe4 13. Qxe4 Nd7 14. O-O-O Nxe5 15. dxe5 a5 16. Kb1 a4 17. f4 Qb6 18. f5 a3 19. b3 Qf2 20. Ka1 exf5 21. Qd3 Nb4 22. Qc3 O-O-O 23. Bxf7 Rd3 24. Qc1 Qd4+ 25. Kb1 Qe4 26. Ka1 Qxe5+ 27. Kb1 Qe4 28. Ka1 Bd6 29. Bc3 Rxc3 30. Qxc3 Be5 31. Qxe5 0-1


[Site "https://www.chess.com"]

[Event "Titled Tuesday Blitz May 9 Late 2023"]
[White "Pein, Jonathan"]
[Black "Dmitriev, Sergey"]
[WhiteFideId "417092"]
[BlackFideId "14101785"]
[WhiteElo "2151"]
[BlackElo "2132"]
[Result "1-0"]
[Round "04"]
[TimeControl "180+2"]
[Date "2023.05.09"]
[WhiteClock "0:01:57"]
[BlackClock "0:01:32"]

1. e4 e5 2. Nf3 Nc6 3. Nc3 Nf6 4. d4 exd4 5. Nd5 d6 6. Nxd4 Nxd4 7. Qxd4 Nxd5 8. exd5 Qe7+ 9. Be3 Bd7 10. Be2 Qe5 11. O-O-O Qxd4 12. Bxd4 f6 13. Bh5+ g6 14. Bxf6 gxh5 15. Bxh8 Bh6+ 16. Kb1 O-O-O 17. Bd4 Bg4 18. f3 Bf5 19. Rhe1 b6 20. Re2 Kb7 21. a4 a5 22. Rde1 Bg6 23. b3 Rf8 24. Kb2 Rf4 25. Be3 1-0


[Site "https://www.chess.com"]

[Event "Titled Tuesday Blitz May 9 Late 2023"]
[White "Colpe, Malte"]
[Black "Burke, Paul"]
[WhiteFideId "24623075"]
[BlackFideId "2605767"]
[WhiteElo "2289"]
[BlackElo "1915"]
[Result "1-0"]
[Round "04"]
[TimeControl "180+2"]
[Date "2023.05.09"]
[WhiteClock "0:00:34"]
[BlackClock "0:00:21"]

1. d4 a6 2. g3 d6 3. Bg2 Nd7 4. e4 g6 5. Ne2 Bg7 6. Nbc3 h6 7. Be3 e5 8. Qd2 Ne7 9. a4 f5 10. dxe5 dxe5 11. O-O g5 12. exf5 Nxf5 13. Qd3 O-O 14. Rad1 Nxe3 15. Qxe3 c6 16. Ne4 Qe7 17. Nd6 Nf6 18. Nc3 Ng4 19. Qe4 Nf6 20. Qg6 Be6 21. Nce4 Nxe4 22. Bxe4 Rf6 23. Qh7+ Kf8 24. Nf5 Bxf5 25. Bxf5 Rd8 26. Bg4 Rd5 27. c4 Rd4 28. Rfe1 Rxg4 29. b3 Rd6 30. Qf5+ Bf6 31. Qxg4 Rxd1 32. Rxd1 1-0


[Site "https://www.chess.com"]

[Event "Titled Tuesday Blitz May 9 Late 2023"]
[White "Gasparyan, David"]
[Black "Silva Rosas, Natalia"]
[WhiteFideId "13311980"]
[BlackFideId "3000575"]
[WhiteElo "2402"]
[BlackElo "1651"]
[Result "1-0"]
[Round "04"]
[TimeControl "180+2"]
[Date "2023.05.09"]
[WhiteClock "0:00:23"]
[BlackClock "0:00:15"]

1. d4 g6 2. e4 Bg7 3. Nc3 d6 4. Nf3 e6 5. h4 h5 6. Bg5 f6 7. Be3 Qe7 8. e5 dxe5 9. dxe5 f5 10. Bg5 Qd7 11. Qd3 Qxd3 12. Bxd3 Ne7 13. Nb5 Na6 14. a3 Bd7 15. O-O-O Bh6 16. Bc4 Bxg5+ 17. Nxg5 Nd5 18. Nxe6 Bxe6 19. Bxd5 Bxd5 20. Rxd5 c6 21. Nd6+ Ke7 22. Rd3 Nc5 23. Rg3 Rhg8 24. Rd1 b6 25. Rc3 Ke6 26. f4 Rgd8 27. b4 Ne4 28. Nxe4 Rxd1+ 29. Kxd1 fxe4 30. Rxc6+ Kf5 31. g3 Kg4 32. Rxg6+ Kf3 33. e6 Rd8+ 34. Ke1 e3 35. e7 Re8 36. Re6 Kxg3 37. f5 Kxh4 38. f6 e2 39. f7 Rxe7 40. Rxe7 Kh3 41. f8=Q h4 42. Rh7 a5 43. Qh6 axb4 44. Qxh4+ Kg2 45. Qf2# 1-0


[Site "https://www.chess.com"]

[Event "Titled Tuesday Blitz May 9 Late 2023"]
[White "Kujawski, Adam"]
[Black "awayceiling"]
[WhiteFideId "1100920"]
[WhiteElo "2054"]
[BlackElo "1314"]
[Result "1-0"]
[Round "04"]
[TimeControl "180+2"]
[Date "2023.05.09"]
[WhiteClock "0:02:10"]
[BlackClock "0:02:12"]

1. e4 c5 2. Nf3 e6 3. d4 cxd4 4. Nxd4 a6 5. c4 Nf6 6. Nc3 Qc7 7. Bd3 Be7 8. O-O O-O 9. Kh1 Nc6 10. Nc2 b6 11. f4 d6 12. b3 Bb7 13. Bb2 Rac8 14. Ne3 Nb4 15. Bb1 Nc6 16. Qd2 b5 17. cxb5 axb5 18. Nxb5 Qd8 19. Bd3 Nb4 1-0


[Site "https://www.chess.com"]

[Event "Titled Tuesday Blitz May 9 Late 2023"]
[White "FuenfgegenWilly"]
[Black "Kaplan, Avi Harrison"]
[BlackFideId "30934559"]
[WhiteElo "2313"]
[BlackElo "1983"]
[Result "1-0"]
[Round "04"]
[TimeControl "180+2"]
[Date "2023.05.09"]
[WhiteClock "0:00:30"]
[BlackClock "0:00:10"]

1. Nf3 g5 2. Nxg5 e5 3. Nf3 e4 4. Ng1 d5 5. d3 Nf6 6. Bg5 Bc5 7. d4 Bd6 8. e3 h6 9. Bh4 c6 10. c4 Rg8 11. Bg3 Bg4 12. Qb3 Na6 13. Qxb7 Nb4 14. Bxd6 Nc2+ 15. Kd2 Nxa1 16. Be7 Qb8 17. Qxb8+ Rxb8 18. Ba3 Kd7 19. Nc3 Be6 20. c5 Ng4 21. Nh3 Nf6 22. Nf4 Ng4 23. Be2 Nb3+ 24. axb3 Nxf2 25. Rf1 Nd3 26. Bxd3 exd3 27. b4 Bf5 28. b5 cxb5 29. Ncxd5 a5 30. Nf6+ Kc6 31. Nxg8 Rxg8 32. b3 b4 33. Bb2 Be4 34. g3 f5 35. Nxd3 Kd5 36. Nf4+ Kc6 37. Rd1 a4 38. bxa4 Ra8 39. Ra1 Ra5 40. Nd3 b3 41. Ne5+ Kd5 42. Kc3 Ra8 43. Kxb3 Rb8+ 44. Kc3 h5 45. a5 Ke6 46. a6 Ba8 47. a7 Rh8 48. Ra6+ Kd5 49. Kd3 Rd8 50. Rd6+ Rxd6 51. cxd6 Kxd6 52. Ng6 Kc7 53. Nf4 Kb6 54. Nxh5 Kxa7 55. Nf4 Kb6 56. Kc4 Kc6 57. h4 Kd6 58. d5 Bb7 59. Kd4 Ke7 60. Ba3+ Kf6 61. Kc5 Bc8 62. Kd6 Kg7 63. Kc7 Ba6 64. d6 Bc4 65. d7 Bf7 66. d8=Q Kh7 67. Qg5 Kh8 68. Qxf5 Kg7 69. Bf8+ Kg8 70. Ne6 Kh8 71. Qf6+ Kg8 72. Qg7# 1-0


[Site "https://www.chess.com"]

[Event "Titled Tuesday Blitz May 9 Late 2023"]
[White "Brueckner, Thomas"]
[Black "Marcziter, Dmitrii"]
[WhiteFideId "4600452"]
[BlackFideId "13900765"]
[WhiteElo "2322"]
[BlackElo "2162"]
[Result "0-1"]
[Round "04"]
[TimeControl "180+2"]
[Date "2023.05.09"]
[WhiteClock "0:00:00"]
[BlackClock "0:00:27"]

1. Nf3 Nf6 2. g3 g6 3. b3 Bg7 4. Bb2 O-O 5. Bg2 d6 6. O-O e5 7. c4 Nc6 8. Nc3 Nh5 9. Nd5 f5 10. d4 e4 11. Ne1 Ne7 12. Nxe7+ Qxe7 13. e3 a5 14. Qd2 a4 15. b4 a3 16. Bc3 c6 17. Nc2 g5 18. Rfe1 Qf7 19. d5 cxd5 20. Bxg7 Nxg7 21. cxd5 Bd7 22. Rac1 Rfc8 23. Red1 Ne8 24. Nd4 Ba4 25. Rxc8 Rxc8 26. Rc1 Bd7 27. Rxc8 Bxc8 28. Qc3 Qc7 29. Qxc7 Nxc7 30. Bf1 Kg7 31. Bc4 Kf6 32. Nc2 b5 33. Bb3 Bb7 34. Nxa3 Ke5 35. Nc2 Bxd5 36. Kf1 Bxb3 37. axb3 Ne6 38. Na3 Nc7 39. Ke2 d5 40. Nc2 f4 41. exf4+ gxf4 42. gxf4+ Kxf4 43. Nd4 h5 44. Kf1 Ke5 45. Nc6+ Kd6 46. Nd4 Ke5 47. Nc6+ Kf4 48. Nd4 Na6 49. Nxb5 Nxb4 50. Nd4 Ke5 51. Ne2 d4 0-1


[Site "https://www.chess.com"]

[Event "Titled Tuesday Blitz May 9 Late 2023"]
[White "Tarnowska, Aleksandra"]
[Black "Ansh M Shah"]
[WhiteFideId "1180967"]
[BlackFideId "25033379"]
[WhiteElo "1776"]
[BlackElo "2084"]
[Result "0-1"]
[Round "04"]
[TimeControl "180+2"]
[Date "2023.05.09"]
[WhiteClock "0:00:00"]
[BlackClock "0:01:34"]

1. e4 c6 2. d4 d5 3. Nc3 dxe4 4. Nxe4 Nf6 5. Nxf6+ exf6 6. Nf3 Bd6 7. Be3 O-O 8. Qd2 Bg4 9. O-O-O Bxf3 10. gxf3 Qc7 11. h4 f5 12. f4 Nd7 13. Bd3 g6 14. h5 Nf6 15. hxg6 hxg6 16. f3 Nd5 17. Kb1 Bxf4 18. Bxf4 Qxf4 19. Qg2 Kg7 20. Rdg1 Rh8 21. a3 Rxh1 22. Rxh1 Rh8 23. Re1 Qxd4 24. Bxf5 Ne3 25. Qg5 Nxf5 26. b3 Qf6 27. Qf4 Nd4 28. Rd1 Qxf4 0-1


[Site "https://www.chess.com"]

[Event "Titled Tuesday Blitz May 9 Late 2023"]
[White "Van Baar, Esper"]
[Black "KVAIDAN"]
[WhiteFideId "1049321"]
[WhiteElo "2171"]
[BlackElo "2344"]
[Result "1-0"]
[Round "04"]
[TimeControl "180+2"]
[Date "2023.05.09"]
[WhiteClock "0:00:04"]
[BlackClock "0:01:01"]

1. e4 e5 2. Nf3 d5 3. d4 dxe4 4. Nxe5 Bd6 5. Bf4 Nf6 6. Bc4 O-O 7. O-O Nbd7 8. Bg3 a6 9. a4 Qe7 10. Nxd7 Bxd7 11. Bxd6 Qxd6 12. c3 Ng4 13. g3 Qh6 14. h4 e3 15. f3 Nf2 16. Qe2 Rae8 17. Na3 Qd6 18. Kg2 Bh3+ 19. Kh2 Bxf1 20. Rxf1 Kh8 21. Nc2 Qe7 22. Ne1 f5 23. Nd3 Nxd3 24. Bxd3 f4 25. Rg1 fxg3+ 26. Rxg3 Qxh4+ 27. Rh3 Qf4+ 28. Kg2 g6 29. Bxg6 Qg5+ 30. Rg3 Qh6 31. Bxe8 Rxe8 32. c4 Qf4 33. d5 Qd4 34. b3 Qd2 35. Kf1 h5 36. Rh3 Re5 37. f4 Rf5 38. Qxd2 exd2 39. Ke2 Kg7 40. Kxd2 Kg6 41. Ke3 b5 42. Rg3+ Kf6 43. axb5 axb5 44. Rg8 h4 45. Rh8 bxc4 46. bxc4 Ke7 47. Rxh4 Kd6 48. Ke4 Rf8 49. Rh6+ Kd7 50. Rc6 Re8+ 51. Kd4 Re1 52. f5 Re2 53. f6 Re1 54. Kc5 Rf1 55. Re6 Rf4 56. Re7+ Kc8 57. f7 Kb7 58. Kb5 Rf5 59. c5 Ka7 60. Kc6 Ka6 61. d6 cxd6 62. cxd6 Rf6 63. Kc7 Rf4 64. d7 Rc4+ 65. Kd8 Rb4 66. Ke8 Rh4 67. d8=Q Rh8+ 68. Kd7 Rh6 69. f8=Q Rb6 70. Re6 Rxe6 71. Kxe6 Kb5 72. Qb8+ Kc6 73. Qfc8# 1-0


[Site "https://www.chess.com"]

[Event "Titled Tuesday Blitz May 9 Late 2023"]
[White "Joubert, Dantelle"]
[Black "Ardila, Oscar Humberto"]
[WhiteFideId "14310813"]
[BlackFideId "4404742"]
[WhiteElo "1507"]
[BlackElo "1918"]
[Result "1/2-1/2"]
[Round "04"]
[TimeControl "180+2"]
[Date "2023.05.09"]
[WhiteClock "0:00:03"]
[BlackClock "0:00:09"]

1. d4 Nf6 2. c4 e6 3. Nc3 Bb4 4. e3 Bxc3+ 5. bxc3 O-O 6. Bd3 c5 7. Ne2 d6 8. O-O Nc6 9. Nf4 b6 10. a4 Ba6 11. Qe2 Na5 12. Ba3 Qc7 13. Rfc1 Rac8 14. d5 e5 15. Nh3 e4 16. Bc2 Bxc4 17. Qd1 Bxd5 18. c4 Nxc4 19. Bxe4 Bxe4 20. Rxc4 d5 21. Rcc1 Rfd8 22. Nf4 Qe5 23. a5 g5 24. Nh5 Nxh5 25. Qxh5 Bg6 26. Qh6 d4 27. Bb2 f6 28. axb6 axb6 29. Ra7 Rc7 30. Rxc7 Qxc7 31. exd4 Qd7 32. h4 gxh4 33. dxc5 bxc5 34. Bxf6 Rf8 35. Qxh4 Qf5 36. Be7 Re8 37. Bxc5 Qe4 38. Qxe4 Bxe4 39. Be3 Bg6 40. Rc7 Bf7 41. Bd4 Rd8 42. Bf6 Ra8 43. Kh2 h5 44. f3 Ra6 45. Bg5 Rg6 46. f4 Ra6 47. Kg3 Ra2 48. Kh4 Rxg2 49. Rc8+ Kh7 50. f5 Rh2+ 51. Kg3 Ra2 52. Bf6 Bg8 53. Rc7+ Kh6 54. Rg7 Ra3+ 55. Kf4 Ra4+ 56. Ke5 Ba2 57. Rg6+ Kh7 58. Rg7+ Kh6 59. Rg6+ Kh7 60. Rg7+ Kh6 1/2-1/2


[Site "https://www.chess.com"]

[Event "Titled Tuesday Blitz May 9 Late 2023"]
[White "Herman, Daniel"]
[Black "Hartikainen, Jarmo"]
[WhiteFideId "30935008"]
[BlackFideId "503134"]
[WhiteElo "1897"]
[BlackElo "2079"]
[Result "1-0"]
[Round "04"]
[TimeControl "180+2"]
[Date "2023.05.09"]
[WhiteClock "0:00:09"]
[BlackClock "0:00:05"]

1. e4 c5 2. Nf3 Nc6 3. c3 d5 4. exd5 Qxd5 5. d4 cxd4 6. cxd4 Bg4 7. Be2 e6 8. O-O Nf6 9. Nc3 Qa5 10. Bd2 Be7 11. a3 O-O 12. b4 Qd8 13. Be3 Rc8 14. Rc1 a6 15. h3 Bh5 16. Na4 Nd7 17. Nc5 Nxc5 18. dxc5 Qxd1 19. Rfxd1 Rfd8 20. Kf1 Rxd1+ 21. Rxd1 Rd8 22. Rxd8+ Bxd8 23. Nd2 Bxe2+ 24. Kxe2 Bf6 25. Nc4 Be7 26. Kd3 Kf8 27. Bf4 Ke8 28. Bd6 Kd7 29. Bxe7 Kxe7 30. Nd6 Nd8 31. Kc4 Kd7 32. b5 f6 33. Nxb7 Nxb7 34. c6+ Kc7 35. cxb7 Kxb7 36. a4 axb5+ 37. Kxb5 e5 38. g4 g6 39. Kc5 f5 40. gxf5 gxf5 41. Kd5 e4 42. Ke5 e3 43. fxe3 1-0


[Site "https://www.chess.com"]

[Event "Titled Tuesday Blitz May 9 Late 2023"]
[White "Lacey, Patrick"]
[Black "Oliveira, Tiago Batista"]
[WhiteFideId "2032007"]
[BlackFideId "2108291"]
[WhiteElo "2446"]
[BlackElo "1962"]
[Result "1-0"]
[Round "04"]
[TimeControl "180+2"]
[Date "2023.05.09"]
[WhiteClock "0:01:49"]
[BlackClock "0:00:00"]

1. c4 Nf6 2. Nc3 g6 3. g3 Bg7 4. Bg2 c5 5. Nf3 O-O 6. O-O Nc6 7. e3 d6 8. d4 cxd4 9. Nxd4 Bd7 10. b3 Rc8 11. Bb2 a6 12. Rc1 Nxd4 13. Qxd4 b5 14. cxb5 axb5 15. a3 Ng4 16. Qd2 Qb6 17. Nd5 Qd8 18. Bxg7 Kxg7 19. Qd4+ e5 20. Qd2 Qg5 21. Rxc8 Rxc8 22. Nb6 Rc7 23. Qxd6 Qd8 24. Rd1 Rc6 25. Qxc6 1-0


[Site "https://www.chess.com"]

[Event "Titled Tuesday Blitz May 9 Late 2023"]
[White "Dargan, Paul A G"]
[Black "Balague Camps, Marc"]
[WhiteFideId "416762"]
[BlackFideId "2297914"]
[WhiteElo "2042"]
[BlackElo "2089"]
[Result "0-1"]
[Round "04"]
[TimeControl "180+2"]
[Date "2023.05.09"]
[WhiteClock "0:00:00"]
[BlackClock "0:01:40"]

1. e4 c5 2. c3 Nf6 3. e5 Nd5 4. d4 cxd4 5. cxd4 e6 6. Nf3 d6 7. Bc4 Be7 8. O-O O-O 9. Qe2 Nc6 10. Nc3 Nxc3 11. bxc3 d5 12. Bd3 f5 13. exf6 Bxf6 14. Qc2 g6 15. Bxg6 hxg6 16. Qxg6+ Kh8 17. Bh6 Qe8 18. Qg4 Rg8 19. Bg5 Qg6 20. Qh4+ Kg7 21. Rae1 Bd7 22. Re3 Rh8 23. Qg4 Rag8 24. h4 Kf7 25. Rfe1 Bc8 26. Rxe6 Bxg5 27. Rxg6 Bxg4 28. Rxg8 Rxg8 0-1


[Site "https://www.chess.com"]

[Event "Titled Tuesday Blitz May 9 Late 2023"]
[White "Stead, Kerry"]
[Black "Fernandez Siles, Luis"]
[WhiteFideId "3202577"]
[BlackFideId "2209420"]
[WhiteElo "1997"]
[BlackElo "2195"]
[Result "0-1"]
[Round "04"]
[TimeControl "180+2"]
[Date "2023.05.09"]
[WhiteClock "0:00:04"]
[BlackClock "0:00:10"]

1. d4 f5 2. e4 fxe4 3. f3 e5 4. dxe5 Nc6 5. f4 d5 6. c3 Bc5 7. g3 a5 8. Na3 Nge7 9. Nc2 Nf5 10. Be2 O-O 11. Bg4 Be6 12. Bxf5 Bxf5 13. Be3 b6 14. Qd2 Be6 15. Ne2 Qe8 16. Ned4 Rd8 17. O-O-O a4 18. Kb1 a3 19. b4 Bxd4 20. Bxd4 Na7 21. Nxa3 c5 22. bxc5 bxc5 23. Bxc5 Rf7 24. Ka1 Qa4 25. Nc2 Nc6 26. Nd4 Nxd4 27. Qxd4 Qa6 28. Rd2 Rb7 29. Rb1 Rxb1+ 30. Kxb1 Rb8+ 31. Kc1 Qf1+ 32. Rd1 Qe2 33. Qd2 Qb5 34. Bb4 Qc4 35. Qc2 e3 36. Rd4 e2 37. Qd2 e1=Q+ 38. Qxe1 Qxa2 39. Kd1 Bg4+ 40. Kc1 Bf5 41. Kd1 Qc2# 0-1


[Site "https://www.chess.com"]

[Event "Titled Tuesday Blitz May 9 Late 2023"]
[White "Figorito, Nick"]
[Black "Curtis, John"]
[WhiteFideId "30923689"]
[BlackFideId "3200256"]
[WhiteElo "2358"]
[BlackElo "2203"]
[Result "1-0"]
[Round "04"]
[TimeControl "180+2"]
[Date "2023.05.09"]
[WhiteClock "0:00:06"]
[BlackClock "0:00:45"]

1. Nf3 d5 2. g3 c6 3. Bg2 Bf5 4. O-O e6 5. c4 Nf6 6. Qb3 Qb6 7. d4 Qxb3 8. axb3 Bd6 9. Nc3 Ne4 10. Nxe4 Bxe4 11. c5 Bc7 12. b4 a6 13. Nd2 Bxg2 14. Kxg2 Nd7 15. Nb3 O-O 16. Bf4 e5 17. dxe5 Bxe5 18. Bxe5 Nxe5 19. Na5 Rab8 20. e3 Nd3 21. Rfd1 Ne5 22. h4 Rfe8 23. Rd2 Re7 24. Rad1 Rbe8 25. Rd4 h5 26. e4 dxe4 27. Rxe4 Ng4 28. Rxe7 Rxe7 29. Rd2 g6 30. Kf1 Nh2+ 31. Kg2 Ng4 32. Kf1 Kg7 33. Rd8 Nh2+ 34. Kg2 Ng4 35. Rc8 Re2 36. Rc7 Rxf2+ 37. Kg1 Rxb2 38. Rxb7 Ne5 39. Kf1 Kf6 40. Rb6 Kf5 41. Nxc6 Nf3 42. Rxa6 Kg4 43. Ra3 Kxg3 44. Rxf3+ Kxf3 45. Ke1 Ke3 46. Kd1 Kd3 47. Kc1 Rb3 48. Ne5+ Kd4 49. Nc6+ Kd5 50. Ne7+ Ke6 51. Nc6 g5 52. Nd4+ Kd5 53. Nxb3 gxh4 54. Nd2 h3 55. Nf3 Ke4 56. Nh2 Kf4 57. c6 Kg3 58. c7 Kxh2 59. c8=Q Kg2 60. Qc6+ Kg1 61. b5 h2 62. b6 h1=Q 63. Qxh1+ Kxh1 64. b7 h4 65. b8=Q h3 66. Qg3 h2 67. Kd2 f5 68. Ke2 f4 69. Qg4 f3+ 70. Kf1 f2 71. Qg2# 1-0


[Site "https://www.chess.com"]

[Event "Titled Tuesday Blitz May 9 Late 2023"]
[White "Butti, Enrique"]
[Black "Kostiukov, Alexandr"]
[WhiteFideId "3700470"]
[BlackFideId "14108100"]
[WhiteElo "2080"]
[BlackElo "2202"]
[Result "1-0"]
[Round "04"]
[TimeControl "180+2"]
[Date "2023.05.09"]
[WhiteClock "0:00:31"]
[BlackClock "0:00:00"]

1. d4 g6 2. c4 Bg7 3. Nc3 d6 4. e4 e5 5. dxe5 dxe5 6. Qxd8+ Kxd8 7. f4 Nd7 8. Nf3 f6 9. fxe5 Nxe5 10. Nxe5 fxe5 11. Bg5+ Bf6 12. O-O-O+ Bd7 13. h4 c6 14. Be2 Ke7 15. g4 Be6 16. Rdf1 Rf8 17. Be3 Bg7 18. Bc5+ Ke8 19. Bxf8 Bxf8 20. Na4 Ne7 21. Nc5 Bc8 22. Nd3 Bg7 23. g5 b6 24. h5 Be6 25. h6 Bf8 26. Nxe5 c5 27. Bg4 Bxg4 28. Nxg4 Nc6 29. Nf6+ Ke7 30. Rd1 Ke6 31. Rd5 Bd6 32. Rhd1 Bf4+ 33. Kc2 Nb4+ 34. Kb3 Nxd5 35. cxd5+ Ke5 36. d6 Bxg5 37. Ng4+ Ke6 38. e5 Bf4 39. Rf1 Rf8 40. Kc4 Rf5 41. Rd1 Rf7 42. Kb5 Kd7 43. e6+ Kxe6 44. Kc6 Kf5 45. d7 Rf8 46. d8=Q Rxd8 47. Rxd8 Kxg4 48. Rh8 Bxh6 49. Rxh7 Bc1 50. b3 Be3 51. Rb7 g5 52. Rxa7 1-0


[Site "https://www.chess.com"]

[Event "Titled Tuesday Blitz May 9 Late 2023"]
[White "Torres Dominguez, David"]
[Black "Zampronha, Wladimir Camilo"]
[WhiteFideId "2220857"]
[BlackFideId "2103087"]
[WhiteElo "1999"]
[BlackElo "2176"]
[Result "0-1"]
[Round "04"]
[TimeControl "180+2"]
[Date "2023.05.09"]
[WhiteClock "0:00:03"]
[BlackClock "0:00:12"]

1. e4 c5 2. Nc3 Nc6 3. Bb5 Nd4 4. Bc4 e6 5. Nge2 d6 6. O-O g6 7. Nxd4 cxd4 8. Ne2 Bg7 9. Bb5+ Bd7 10. Bxd7+ Qxd7 11. d3 Ne7 12. f4 O-O 13. Bd2 Rac8 14. c3 Qb5 15. c4 Qd7 16. Ng3 f5 17. Qe2 Rfe8 18. Rae1 Nc6 19. b3 d5 20. exd5 exd5 21. Qf3 dxc4 22. bxc4 Bf8 23. Ne2 Re7 24. Nc1 Rce8 25. Qf2 Rxe1 26. Rxe1 Rxe1+ 27. Qxe1 Qe7 28. Nb3 Qxe1+ 29. Bxe1 b6 30. Bf2 Bg7 31. Kf1 Kf7 32. Ke2 Ke6 33. Kf3 Kd6 34. h3 a5 35. a4 Nb4 36. Ke2 Nc6 37. g3 Bf6 38. g4 h5 39. gxh5 gxh5 40. Nd2 Kc5 41. Nf3 Kb4 42. Bh4 Bg7 43. Bg5 Kxa4 44. Nh4 Kb3 45. Nxf5 Bf8 46. Bf6 Bc5 47. Kd2 Kb2 48. Ng3 a4 49. Ne2 a3 50. Nc1 Bb4+ 51. Kd1 Bc3 52. f5 Nb4 53. Be5 Na2 54. Nxa2 Kxa2 55. f6 Kb1 56. f7 Bb4 57. Bxd4 a2 58. Bc3 Bxc3 59. f8=Q a1=Q 60. Qb8 Kb2+ 61. Ke2 Qe1+ 62. Kf3 Qf1+ 63. Ke4 Qe2+ 64. Kd5 Qxd3+ 65. Ke6 Qxc4+ 66. Ke7 Bd4 67. Qh2+ Qc2 68. Qb8 Qc5+ 69. Kf7 b5 70. Qh2+ Qc2 71. Qb8 Qc4+ 72. Kg6 b4 73. Qh2+ Qc2+ 74. Qxc2+ Kxc2 0-1


[Site "https://www.chess.com"]

[Event "Titled Tuesday Blitz May 9 Late 2023"]
[White "Maluco_do_Natal_00"]
[Black "Kopacz, Grzegorz"]
[BlackFideId "1109880"]
[WhiteElo "2028"]
[BlackElo "2037"]
[Result "1/2-1/2"]
[Round "04"]
[TimeControl "180+2"]
[Date "2023.05.09"]
[WhiteClock "0:00:14"]
[BlackClock "0:01:23"]

1. e4 e5 2. Nf3 Nf6 3. Nxe5 d6 4. Nf3 Nxe4 5. Nc3 Nxc3 6. dxc3 d5 7. Bd3 c6 8. Bg5 Be7 9. Bxe7 Qxe7+ 10. Qe2 Qxe2+ 11. Kxe2 O-O 12. Rae1 Bg4 13. Kd2 Nd7 14. Ne5 Nxe5 15. Rxe5 Rae8 16. Rhe1 Rxe5 17. Rxe5 Be6 18. f4 Re8 19. b4 f6 20. Re3 Bd7 21. Rxe8+ Bxe8 22. c4 Bf7 23. Kc3 Kf8 24. a4 Ke7 25. cxd5 Bxd5 26. g3 h5 27. Kd4 Kd6 28. c4 Bf3 29. a5 g5 30. Bf5 b6 31. axb6 axb6 32. c5+ bxc5+ 33. bxc5+ Ke7 34. h4 gxh4 35. gxh4 Bg4 36. Be4 Bd7 37. Bg6 Bg4 38. Be4 Bd7 39. Bg6 Be8 40. Be4 Ke6 41. Ke3 Ke7 42. Kd4 Bd7 1/2-1/2


[Site "https://www.chess.com"]

[Event "Titled Tuesday Blitz May 9 Late 2023"]
[White "Bueno, Alfeu Junior Varela"]
[Black "dorpato"]
[WhiteFideId "2108879"]
[WhiteElo "2175"]
[BlackElo "2015"]
[Result "1-0"]
[Round "04"]
[TimeControl "180+2"]
[Date "2023.05.09"]
[WhiteClock "0:02:07"]
[BlackClock "0:00:12"]

1. e4 c5 2. Nc3 g6 3. f4 Bg7 4. Nf3 e6 5. e5 d5 6. Nb5 Bf8 7. b3 a6 8. Nd6+ Bxd6 9. exd6 Qxd6 10. Bb2 f6 11. g3 Nc6 12. Bg2 b6 13. O-O Bb7 14. Re1 O-O-O 15. Ng5 Rf8 16. Nxe6 Qd8 17. Nxd8 1-0


[Site "https://www.chess.com"]

[Event "Titled Tuesday Blitz May 9 Late 2023"]
[White "MunichMouse"]
[Black "tandercat"]
[WhiteElo "2277"]
[BlackElo "2004"]
[Result "1-0"]
[Round "04"]
[TimeControl "180+2"]
[Date "2023.05.09"]
[WhiteClock "0:00:11"]
[BlackClock "0:00:00"]

1. d4 d5 2. c4 e6 3. Nf3 a6 4. cxd5 exd5 5. Nc3 Nf6 6. h3 Bd6 7. Bg5 Be6 8. Qd2 Nbd7 9. Rc1 c6 10. Bf4 Qb8 11. Bxd6 Qxd6 12. e3 O-O 13. Bd3 c5 14. O-O c4 15. Bb1 b5 16. e4 dxe4 17. Nxe4 Nxe4 18. Bxe4 Bd5 19. Rfe1 Nf6 20. Bxd5 Nxd5 21. Re5 Rfe8 22. Rce1 Rxe5 23. dxe5 Qd7 24. Ng5 Re8 25. Qd4 h6 26. Ne4 Qc6 27. Nd6 Re6 28. Rd1 Nb4 29. Nf5 Nd3 30. Qg4 g6 31. Nxh6+ Kg7 32. Nf5+ Kg8 33. Qg5 Nxe5 34. Ne7+ Rxe7 35. Qxe7 Nd3 36. Rd2 Kg7 37. Qe3 1-0


[Site "https://www.chess.com"]

[Event "Titled Tuesday Blitz May 9 Late 2023"]
[White "Cooklev, Steven"]
[Black "James, Stuart"]
[WhiteFideId "2050552"]
[BlackFideId "7400489"]
[WhiteElo "2270"]
[BlackElo "1950"]
[Result "1-0"]
[Round "04"]
[TimeControl "180+2"]
[Date "2023.05.09"]
[WhiteClock "0:01:28"]
[BlackClock "0:01:43"]

1. e4 c5 2. Nf3 e6 3. d4 cxd4 4. Nxd4 a6 5. Be2 Nc6 6. O-O Nf6 7. Nc3 Qc7 8. Be3 Bb4 9. Na4 O-O 10. c4 Nxe4 11. Nxc6 bxc6 12. c5 d5 13. a3 Ba5 14. b4 Rb8 15. Bd3 Bxb4 16. Bxe4 dxe4 17. axb4 Rxb4 18. Qd6 Qxd6 19. cxd6 e5 20. Bc5 Rc4 21. d7 Bxd7 22. Bxf8 Kxf8 23. Nb6 Rd4 1-0


[Site "https://www.chess.com"]